 Dungeon Crawl Stone Soup version 0.29.1-12-g30fa7ad0bf (webtiles) character file.

Game seed: 15896415494533417125

196 xzight the Nimble (level 5, -2/38 HPs)
             Began as a Gnoll Wanderer on Dec 30, 2022.
             Slain by Menkaure (22 damage)
             ... on level 4 of the Dungeon.
             The game lasted 00:04:09 (3610 turns).

xzight the Nimble (Gnoll Wanderer)                  Turns: 3610, Time: 00:04:09

Health: -2/38      AC:  4    Str: 12    XL:     5   Next: 75%
Magic:  9/9        EV: 14    Int: 13    God:
Gold:   123        SH:  0    Dex: 11    Spells: 9/10 levels left

rFire   . . .      SeeInvis .   t - +0 quarterstaff (speed)
rCold   . . .      Faith    .   (shield currently unavailable)
rNeg    . . .      Spirit   .   d - +0 leather armour
rPois   .          Reflect  .   (no helmet)
rElec   .          Harm     .   (no cloak)
rCorr   .          Rampage  .   (no gloves)
Will    .....                   b - +0 pair of boots
Stlth   +.........              (no amulet)
HPRegen 0.12/turn               (no ring)
MPRegen 0.11/turn               (no ring)

@: no status effects
A: fangs 1, strong nose, distributed training
a: no special abilities


You were on level 4 of the Dungeon.
You visited 1 branch of the dungeon, and saw 4 of its levels.

You collected 123 gold pieces.


Innate Abilities, Weirdness & Mutations

You have very sharp teeth.
Your uncanny sense of smell can sniff out nearby items.
Your experience applies equally to all skills.


   Skills:
 + Level 1.7 Fighting
 + Level 1.7 Short Blades
 + Level 1.7 Long Blades
 + Level 4.9 Axes
 + Level 1.7 Maces & Flails
 + Level 1.7 Polearms
 + Level 1.7 Staves
 + Level 1.7 Ranged Weapons
 + Level 3.1 Throwing
 + Level 1.7 Armour
 + Level 8.7 Dodging
 + Level 1.7 Stealth
 + Level 1.7 Shields
 + Level 1.7 Unarmed Combat
 + Level 3.3 Spellcasting
 + Level 1.3 Conjurations
 + Level 1.3 Hexes
 + Level 1.3 Summonings
 + Level 1.3 Necromancy
 + Level 1.3 Translocations
 + Level 1.3 Transmutations
 + Level 1.3 Fire Magic
 + Level 1.3 Ice Magic
 + Level 1.3 Air Magic
 + Level 1.3 Earth Magic
 + Level 4.0 Poison Magic
 + Level 1.9 Invocations
 + Level 1.7 Evocations


You had 9 spell levels left.
You knew the following spells:

 Your Spells              Type           Power      Damage    Failure   Level
a - Sting                 Tmut/Pois      36%        1d4       10%         1

Your spell library contained the following spells:

 Spells                   Type           Power      Damage    Failure   Level
 Scorch                   Fire           10%        2d6       24%         2
 Spider Form              Tmut/Pois      9%         N/A       28%         3
 Flame Wave               Conj/Fire      5%         2d5       85%         4
 Petrify                  Tmut/Erth      5%         N/A       85%         4
 Metabolic Englaciation   Hex/Ice        2%         N/A       99%         5
 Statue Form              Tmut/Erth      3%         N/A       100%        6
 Summon Cactus Giant      Summ           2%         N/A       100%        6

Inventory:

Hand Weapons
 a - a +2 hand axe
 k - a +2 short sword of electrocution
 t - a +0 quarterstaff of speed (weapon)
Armour
 b - a +0 pair of boots (worn)
 d - a +0 leather armour (worn)
Scrolls
 e - 8 scrolls of identify {unknown}
 f - a scroll of acquirement {unknown}
 i - a scroll of torment {unknown}
 j - a scroll of enchant armour {unknown}
 l - 2 scrolls of butterflies {unknown}
 m - a scroll of poison {unknown}
 n - a scroll of blinking {unknown}
 o - a scroll of enchant weapon {unknown}
 p - 2 scrolls of teleportation {unknown}
 q - a scroll of vulnerability {unknown}
 r - a scroll of amnesia {unknown}
 u - a scroll of magic mapping {unknown}
Potions
 c - 2 potions of curing {@q1}
 g - a potion of resistance {unknown}
 h - 2 potions of heal wounds {unknown}
 s - a potion of flight {unknown}

Dungeon Overview and Level Annotations

Branches:
Dungeon (4/15)
 Temple: D:4-7

Altars:
Vehumet

Annotations:
D:4 Menkaure

PP..PP.........# ∆
P..PP..........#
PP..PP..........#.. P.
PP...........#.#
P..PP...........#.# ###
P.(PP...........#.#####...
PP.^PP...........#.........
P..PP..#######+#.#.........
P..PP.########.#@#.........
PP.............M.........
PP.⚑.#######.#.#......M..
..PP...# ####...#......###
P..PP.## ...........#####
PP..P..##...........#
PP..PP..#.....>.....#
.P..PP...........?..#
.PP..P.....#######.##


You could see Menkaure (fast).


Message History

You hit Menkaure. You bite Menkaure.
Menkaure is heavily damaged.
Menkaure misses you.
You hit Menkaure but do no damage.
Menkaure is moderately damaged.
You hit Menkaure but do no damage.
Menkaure is moderately damaged.
Menkaure closely misses you.
You hit Menkaure but do no damage.
Menkaure is moderately damaged.
Menkaure casts a spell.
Menkaure seems to speed up.
You completely miss Menkaure.
Menkaure is moderately damaged.
Menkaure misses you.
You hit Menkaure.
Menkaure is heavily damaged.
Menkaure closely misses you.
You barely miss Menkaure.
Menkaure is heavily damaged.
Menkaure hits you.
You hit Menkaure.
Menkaure is severely damaged.
Menkaure calls on the powers of darkness!
Your body is wracked with pain!
You hit Menkaure but do no damage. You bite Menkaure, but do no damage.
Menkaure is severely damaged.
Menkaure hits you!!
Ouch! That really hurt!
You die...

Skill      XL: |  1  2  3  4  5 |
---------------+----------------+-----
Invocations    | 1 |  1.9
Fighting       | 1 |  1.7
Short Blades   | 1 |  1.7
Long Blades    | 1 |  1.7
Maces & Flails | 1 |  1.7
Polearms       | 1 |  1.7
Staves         | 1 |  1.7
Ranged Weapons | 1 |  1.7
Armour         | 1 |  1.7
Stealth        | 1 |  1.7
Shields        | 1 |  1.7
Unarmed Combat | 1 |  1.7
Evocations     | 1 |  1.7
Spellcasting   | 3 |  3.3
Conjurations   | 1 |  1.3
Hexes          | 1 |  1.3
Summonings     | 1 |  1.3
Necromancy     | 1 |  1.3
Translocations | 1 |  1.3
Transmutations | 1 |  1.3
Fire Magic     | 1 |  1.3
Ice Magic      | 1 |  1.3
Air Magic      | 1 |  1.3
Earth Magic    | 1 |  1.3
Throwing       | 3 |  3.1
Poison Magic   | 4 |  4.0
Axes           | |  4.9
Dodging        | |  8.7

Action                   |  1- 3 |  4- 6 || total
-------------------------+-------+-------++-------
Melee: Hand axe          |    40 |       ||    40
       Bite              |     5 |     8 ||    13
       Short sword       |    68 |    14 ||    82
       Punch             |     1 |     1 ||     2
       Quarterstaff      |       |    99 ||    99
 Stab: Sleeping          |     2 |       ||     2
Armor: Leather armour    |    33 |    26 ||    59
Dodge: Dodged            |    84 |    59 ||   143

Levels and vault maps discovered:
D:1:      evilmike_arrival_hilbert_curve, layout_loops_ring,
          hellmonk_ecumenical_altar_watching_god, minmay_misc_feat_diagonals,
          minmay_vboxes
D:2:      layout_basic, minmay_surrounded, uniq_jessica
D:3:      layout_loops_corners
D:4:      layout_basic, mainiacjoe_overflow_alcove_4,
          mainiacjoe_overflow_catch_the_wave, minmay_crystal_room, uniq_menkaure

Notes
Turn   | Place    | Note
-------+----------+-------------------------------------------
     0 | D:1      | xzight the Gnoll Wanderer began the quest for the Orb.
     0 | D:1      | xzight set off with the following items: a +2 hand axe, a
                  | +0 pair of boots, a potion of curing {@q1}, a +0 leather
                  | armour; and the following spell memorised: Sting; and the
                  | following spells available to memorise: Spider Form.
     0 | D:1      | Reached XP level 1. HP: 13/13 MP: 4/4
   337 | D:1      | Reached XP level 2. HP: 19/19 MP: 5/5
   619 | D:1      | Noticed a shining eye
   621 | D:1      | Found a faded altar of an unknown god.
   623 | D:1      | Noticed a floating eye
   623 | D:1      | Noticed a great orb of eyes
   623 | D:1      | Noticed a great orb of eyes
   928 | D:2      | Reached XP level 3. HP: 22/25 MP: 7/7
  1165 | D:2      | Reached skill level 1 in Invocations
  1516 | D:2      | Reached skill level 1 in Fighting
  1516 | D:2      | Reached skill level 1 in Short Blades
  1516 | D:2      | Reached skill level 1 in Long Blades
  1516 | D:2      | Reached skill level 1 in Maces & Flails
  1516 | D:2      | Reached skill level 1 in Polearms
  1516 | D:2      | Reached skill level 1 in Staves
  1516 | D:2      | Reached skill level 1 in Ranged Weapons
  1516 | D:2      | Reached skill level 1 in Armour
  1516 | D:2      | Reached skill level 1 in Stealth
  1516 | D:2      | Reached skill level 1 in Shields
  1516 | D:2      | Reached skill level 1 in Unarmed Combat
  1516 | D:2      | Reached skill level 1 in Evocations
  1619 | D:2      | Noticed Jessica
  1625 | D:2      | Killed Jessica
  1626 | D:2      | Reached skill level 3 in Spellcasting
  1626 | D:2      | Reached XP level 4. HP: 32/32 MP: 8/8
  1632 | D:2      | Reached skill level 1 in Conjurations
  1632 | D:2      | Reached skill level 1 in Hexes
  1632 | D:2      | Reached skill level 1 in Summonings
  1632 | D:2      | Reached skill level 1 in Necromancy
  1632 | D:2      | Reached skill level 1 in Translocations
  1632 | D:2      | Reached skill level 1 in Transmutations
  1632 | D:2      | Reached skill level 1 in Fire Magic
  1632 | D:2      | Reached skill level 1 in Ice Magic
  1632 | D:2      | Reached skill level 1 in Air Magic
  1632 | D:2      | Reached skill level 1 in Earth Magic
  2283 | D:3      | HP: 2/32 [iguana (7)]
  2286 | D:3      | Reached XP level 5. HP: 3/37 MP: 9/9
  2859 | D:3      | Reached skill level 3 in Throwing
  3075 | D:3      | Reached skill level 4 in Poison Magic
  3555 | D:4      | Found a radiant altar of Vehumet.
  3588 | D:4      | Noticed Menkaure
  3610 | D:4      | Slain by Menkaure

Vanquished Creatures
  Jessica (D:2)
  2 iguanas
  3 adders
  3 worms
  A dart slug (D:2)
  An orc (D:3)
  5 endoplasms
  3 giant cockroaches
  7 goblins
  9 hobgoblins
  10 jackals
  4 quokkas
  8 ball pythons
  7 bats
  2 frilled lizards
  4 kobolds
  6 rats
76 creatures vanquished.

Table legend: (Time is in decaauts)
 A = Elapsed time spent in this place.
 B = Non-inter-level travel time spent in this place.
 C = Inter-level travel time spent in this place.
 D = Time resting spent in this place.
 E = Time spent auto-exploring this place.
 F = Levels seen in this place.
 G = Mean time per level.
                   A        B        C        D        E       F      G
               +--------+--------+--------+--------+--------+-----+--------+
         Total |   3598 |   3434 |    164 |    513 |   2421 |   4 |  899.5 |
       Dungeon |   3598 |   3434 |    164 |    513 |   2421 |   4 |  899.5 |
               +--------+--------+--------+--------+--------+-----+--------+

Top non-repeatable levels by time:
     D:2: 1341 daAuts
     D:3: 1188 daAuts
     D:1: 927 daAuts
     D:4: 141 daAuts

Table legend:
 A = Non-vault XP
 B = Vault XP
 C = Vault XP percentage of total XP
 D = Non-vault monster count
 E = Vault monster count
 F = Vault count percentage of total count
                 A         B        C        D         E       F
            +---------+---------+-------+---------+---------+-------
      Total |     232 |      49 |  17.4 |      64 |      12 |  15.8
            +---------+---------+-------+---------+---------+-------
        D:1 |      18 |       7 |  28.0 |      11 |       7 |  38.9
        D:2 |      62 |      42 |  40.4 |      24 |       5 |  17.2
        D:3 |     100 |       0 |   0.0 |      20 |       0 |   0.0
        D:4 |      52 |       0 |   0.0 |       9 |       0 |   0.0
            +---------+---------+-------+---------+---------+-------
